 Dungeon Crawl Stone Soup version 0.18-a0-1044-g2bb894f (webtiles) character file.

14856 Kristof the Cleaver (level 11, -7/95 HPs)
             Began as a Minotaur Fighter on Jan 11, 2016.
             Was a High Priest of Okawaru.
             Mangled by a spark wasp (14 damage)
             ... on level 3 of the Lair of Beasts.
             The game lasted 00:40:49 (13725 turns).

Kristof the Cleaver (Minotaur Fighter)             Turns: 13725, Time: 00:40:49

Health: -7/95      AC: 18    Str: 24    XL:     11   Next: 94%
Magic:  19/19      EV:  9    Int:  9    God:    Okawaru [*****.]
Gold:   492        SH: 12    Dex: 14    Spells: 1 memorised, 17 levels left

rFire  . . .     SeeInvis .     l - +3 broad axe (vamp)
rCold  . . .     Gourm    .     J - +2 plate armour
rNeg   + . .     Faith    +     c - +0 shield
rPois  .         Spirit   .     (helmet restricted)
rElec  .         Dismiss  .     (no cloak)
rCorr  .         Reflect  .     t - +1 pair of gloves of the Six Tales {+Fly Int+4}
SustAt .         Harm     .     (no boots)
MR     .....                    E - amulet of faith
Stlth  ..........               x - +4 ring of dexterity
                                e - ring of positive energy

@: not resistant to hostile enchantments, extremely unstealthy
A: retaliatory headbutt, horns 2
a: Heroism, Finesse, Renounce Religion, Evoke Flight


You were on level 3 of the Lair of Beasts.
You worshipped Okawaru.
Okawaru was extremely pleased with you.
You were not hungry.

You visited 3 branches of the dungeon, and saw 12 of its levels.
You also visited: Sewer.

You collected 654 gold pieces.
You spent 162 gold pieces at shops.

Inventory:

Hand Weapons
 l - a +3 vampiric broad axe (weapon)
 D - a +0 mace of crushing
 I - a +2 trident of flaming
Armour
 c - a +0 shield (worn)
 t - the +1 pair of gloves of the Six Tales (worn) {+Fly Int+4}
   (Okawaru gifted it to you on level 3 of the Lair of Beasts)

   It affects your intelligence (+4).
   It lets you fly.
 J - a +2 plate armour (worn)
Jewellery
 e - a ring of positive energy (left hand)
 x - a +4 ring of dexterity (right hand)
 E - an amulet of faith (around neck)
Wands
 d - a wand of digging (8/24)
 i - a wand of random effects (20/48)
 n - a wand of paralysis (13/24)
 u - a wand of confusion (26/48)
 w - a wand of polymorph (0/24)
 z - a wand of magic darts (17/48)
 K - a wand of confusion (20/48)
Scrolls
 a - a scroll of amnesia
 b - 3 scrolls of teleportation
 g - 5 scrolls of recharging
 h - 4 scrolls of fog
 j - 2 scrolls of magic mapping
 m - 3 scrolls of remove curse
 v - 3 scrolls of identify
 G - 2 scrolls of fear
Potions
 o - 8 potions of curing
 p - 2 potions of heal wounds
 B - 2 potions of agility
 C - 3 potions of brilliance
Books
 r - a book of Callings

   Spells                             Type                      Level
   a - Summon Small Mammal            Summoning                    1
   b - Call Imp                       Summoning                    2
   c - Call Canine Familiar           Summoning                    3
   d - Summon Guardian Golem          Hexes/Summoning              3
   e - Summon Lightning Spire         Summoning/Air                4
   f - Summon Ice Beast               Ice/Summoning                4
Comestibles
 f - 9 bread rations
 k - a slice of pizza
 q - 3 meat rations
 s - 11 beef jerkies
 A - 6 chunks of flesh


   Skills:
 + Level 8.5 Fighting
 * Level 10.8 Axes
 + Level 8.2 Armour
 + Level 6.5 Dodging
 + Level 9.1 Shields
 * Level 6.1 Spellcasting
 + Level 3.2 Conjurations
 + Level 3.3 Fire Magic
 + Level 4.1 Evocations


You had 17 spell levels left.
You knew the following spells:

 Your Spells              Type           Power        Failure   Level  Hunger
a - Fireball              Conj/Fire      #.........   100%        5    ######.


Dungeon Overview and Level Annotations

Branches:
Dungeon (8/15)             Temple (1/1) D:7            Lair (3/8) D:8
 Spider (0/4) Lair:3
  Swamp: Lair:3-6    Shoals: Lair:3-6

Altars:
Ashenzari
Cheibriados
Dithmenos
Elyvilon
Fedhas
Gozag
Kikubaaqudgha
Makhleb
Nemelex Xobeh
Okawaru
Pakellas
Qazlal
Ru
Sif Muna
Trog
Vehumet
Xom
Zin
The Shining One

Shops:
D:5 *   D:8 *


Innate Abilities, Weirdness & Mutations

You reflexively headbutt those who attack you in melee.
You have a pair of horns on your head.


Message History

The living lightning misses you.
The spark wasp blinks!
You miss the spark wasp. The spark wasp stings you! The spark wasp shocks you!
The spark wasp stings you!! The spark wasp shocks you!
A crocodile comes into view.
You closely miss the spark wasp.
You headbutt the spark wasp, but do no damage.
The spark wasp barely misses you. The spark wasp stings you!
* * * LOW HITPOINT WARNING * * *
The spark wasp shocks you!
* * * LOW HITPOINT WARNING * * *
You are too injured to fight recklessly!
You are too injured to fight recklessly!
Evoke which item? (* to show all) (? for menu, Esc to quit)
Zapping:
w - a wand of polymorph {zapped: 6} (will waste charges)
Press: ? - help, Shift-Dir - straight line, f/p - spark wasp
Aim: a spark wasp (chance to defeat MR: 37%) Nothing appears to happen.
The spark wasp stings you.
* * * LOW HITPOINT WARNING * * *
The spark wasp shocks you!
You die...

...#....#.)..#.....##..........#
...#.........'.....##....>.....##
..#########'###..####...........#
..#########.####.####...........#
...#......'...##...##...........#
..........#...##...##..........##
..##.....##........#...........#
..##.######...##y###...........##
..##.##.#.#..##.@##.#...........#
...........##.#................##
...............................##
................................#
#...............................#
###............................##
..#..................t..........#
^.##...........................##
...##..........................##


You could see a spark wasp and a crocodile.

Vanquished Creatures
  A hydra (Lair:2)
  Erica (D:8)
  A hill giant (D:5)
  Pikel (D:7)
  2 wolf spiders (Lair:3)
  4 spiny frogs
  A black mamba (Lair:1)
  A komodo dragon (Lair:3)
  2 jumping spiders (Lair:3)
  Prince Ribbit (D:7)
  Grinder (D:6)
  10 blink frogs
  Sigmund (D:5)
  Eustachio (D:5)
  A redback (Lair:3)
  11 yaks
  2 hungry ghosts (D:7)
  A hippogriff (Lair:1)
  2 water moccasins
  2 porcupines
  A sky beast (D:5)
  2 ice beasts
  An orc warrior (D:8)
  3 black bears
  2 phantoms
  2 necrophages
  6 ogres
  4 centaurs
  6 crocodiles
  A big kobold (Sewer)
  3 giant frogs
  A scorpion (D:4)
  A water moccasin skeleton (D:6)
  2 crimson imps
  A giant frog zombie (D:5)
  A quasit (D:8)
  Crazy Yiuf (D:7)
  2 jellies (D:5)
  11 orc wizards
  2 giant frog skeletons
  6 orc priests
  3 hounds
  4 iguanas
  6 worker ants
  3 hell rats (Lair:3)
  2 worker ant zombies (D:5)
  18 adders
  43 river rats
  2 oozes
  An adder skeleton (D:5)
  A worm (D:2)
  7 giant geckos
  22 orcs
  8 ball pythons
  8 giant cockroaches
  6 goblins
  6 hobgoblins
  4 jackals
  22 kobolds
  5 quokkas
  11 bats
  A giant gecko zombie (D:5)
  4 giant newts
  A jackal skeleton (D:4)
  A quokka skeleton (D:4)
  31 rats
  2 butterflies (D:4)
  A fungus (D:7)
329 creatures vanquished.

Vanquished Creatures (others)
  A slave (D:7)
  A giant frog (D:7)
  A jelly (D:7)
  An iguana (D:7)
  5 fungi
  A plant (Lair:3)
10 creatures vanquished.

Grand Total: 339 creatures vanquished

Notes
Turn   | Place    | Note
--------------------------------------------------------------
     0 | D:1      | Kristof the Minotaur Fighter began the quest for the Orb.
     0 | D:1      | Reached XP level 1. HP: 19/19 MP: 0/0
   134 | D:1      | Reached XP level 2. HP: 27/27 MP: 1/1
   717 | D:2      | Reached skill level 4 in Shields
   830 | D:2      | Reached XP level 3. HP: 31/33 MP: 2/2
  1162 | D:2      | Reached skill level 1 in Spellcasting
  1445 | D:2      | Reached XP level 4. HP: 36/40 MP: 4/4
  1447 | D:2      | Reached skill level 1 in Dodging
  2178 | D:3      | Found a radiant altar of Vehumet.
  2833 | D:4      | Reached XP level 5. HP: 10/46 MP: 6/6
  3062 | D:4      | Reached XP level 6. HP: 48/53 MP: 8/8
  3531 | D:4      | Found a shimmering altar of Xom.
  3887 | D:5      | Entered Level 5 of the Dungeon
  3936 | D:5      | Noticed an ice beast
  3943 | D:5      | Killed an ice beast
  3943 | D:5      | Reached skill level 5 in Shields
  3943 | D:5      | Reached XP level 7. HP: 51/59 MP: 9/9
  3953 | D:5      | Reached skill level 5 in Fighting
  3953 | D:5      | Reached skill level 5 in Axes
  4068 | D:5      | Reached skill level 5 in Armour
  4295 | D:5      | Noticed Sigmund
  4301 | D:5      | Killed Sigmund
  4301 | D:5      | Reached XP level 8. HP: 56/68 MP: 11/11
  4353 | D:5      | Found Zysaowk's Assorted Antiques.
  4361 | D:5      | Bought a scroll labeled GIXOKAORAE for 27 gold pieces
  4361 | D:5      | Bought a large bone ring for 135 gold pieces
  4399 | D:5      | Noticed Eustachio
  4415 | D:5      | Killed Eustachio
  4415 | D:5      | Reached skill level 6 in Axes
  5037 | D:5      | Noticed a hill giant
  5043 | D:5      | Killed a hill giant
  5043 | D:5      | Reached skill level 7 in Axes
  5050 | D:5      | Reached XP level 9. HP: 62/74 MP: 14/14
  5075 | D:5      | Learned a level 5 spell: Fireball
  5404 | D:5      | Found a stormy altar of Qazlal.
  5607 | D:6      | Found a glowing drain.
  5609 | D:6      | Found a burning altar of Makhleb.
  5648 | Sewer    | Entered a sewer
  6333 | D:6      | Reached skill level 1 in Evocations
  6459 | D:6      | Got a faintly humming chain mail
  6470 | D:6      | Identified the +2 chain mail "Otacadgh" {Dex+3} (You found it on level 6 of the Dungeon)
  6522 | D:6      | Noticed Grinder
  6532 | D:6      | Killed Grinder
  6532 | D:6      | Reached skill level 1 in Conjurations
  6944 | D:7      | Reached skill level 8 in Axes
  7010 | D:7      | Found a staircase to the Ecumenical Temple.
  7020 | Temple   | Entered the Ecumenical Temple
  7046 | Temple   | Became a worshipper of Warmaster Okawaru
  7166 | D:7      | Noticed Crazy Yiuf
  7171 | D:7      | Killed Crazy Yiuf
  7230 | D:7      | Noticed Pikel
  7242 | D:7      | Killed Pikel
  7242 | D:7      | Reached * piety under Okawaru
  7242 | D:7      | Reached skill level 1 in Fire Magic
  7366 | D:7      | Noticed Prince Ribbit
  7378 | D:7      | Killed Prince Ribbit
  7378 | D:7      | Reached XP level 10. HP: 59/85 MP: 16/16
  7887 | D:8      | Reached skill level 5 in Dodging
  7963 | D:8      | Found Gakuorgh's General Store.
  8009 | D:8      | Reached skill level 5 in Spellcasting
  8055 | D:8      | Reached ** piety under Okawaru
  8396 | D:8      | Found a staircase to the Lair.
  8618 | D:8      | Noticed Erica
  8628 | D:8      | Killed Erica
  8628 | D:8      | Reached *** piety under Okawaru
  8628 | D:8      | Reached skill level 9 in Axes
  8855 | D:8      | Found a deep blue altar of Sif Muna.
  9233 | D:8      | Found an oddly glowing altar of Pakellas.
  9234 | D:8      | Found an opulent altar of Gozag.
  9291 | Lair:1   | Entered Level 1 of the Lair of Beasts
  9551 | Lair:1   | Noticed a spiny frog
  9563 | Lair:1   | Killed a spiny frog
  9687 | Lair:1   | Noticed a black mamba
  9695 | Lair:1   | Killed a black mamba
 10166 | Lair:1   | Reached **** piety under Okawaru
 10184 | Lair:1   | Reached XP level 11. HP: 25/93 MP: 18/18
 10515 | Lair:1   | Received a gift from Okawaru
 10772 | Lair:1   | Identified the Handbook of Lucky Ice
 10923 | Lair:1   | Reached ***** piety under Okawaru
 11494 | Lair:2   | Noticed a four-headed hydra
 11505 | Lair:2   | Killed a four-headed hydra
 11505 | Lair:2   | Reached skill level 10 in Axes
 12388 | Lair:2   | Received a gift from Okawaru
 12861 | Lair:3   | Noticed a four-headed hydra
 12870 | Lair:3   | HP: 1/95 [nine-headed hydra (8)]
 13206 | Lair:3   | Noticed a wolf spider
 13212 | Lair:3   | Killed a wolf spider
 13212 | Lair:3   | Received a gift from Okawaru
 13214 | Lair:3   | Found a hole to the Spider Nest.
 13214 | Lair:3   | Noticed a wolf spider
 13221 | Lair:3   | HP: 1/95 [wolf spider (17)]
 13236 | Lair:3   | Killed a wolf spider
 13599 | Lair:3   | Got a pair of pitted gloves {god gift}
 13605 | Lair:3   | Identified the +1 pair of gloves of the Six Tales {+Fly Int+4} (Okawaru gifted it to you on level 3 of the Lair of Beasts)
 13722 | Lair:3   | Noticed a spark wasp
 13722 | Lair:3   | a nine-headed hydra changed into a spark wasp
 13725 | Lair:3   | Mangled by a spark wasp

Vault maps used:
D:1:      dpeg_arrival_arbitrary_a
D:3:      fiery_altar_vehumet
D:4:      xom_butterflies
D:5:      kennysheep_windowed_halls, nicolae_qazlal_style_of_elements,
          serial_shops, shop_statue, first_bread, uniq_sigmund, uniq_eustachio
D:6:      overflow_temple_1_default, gup_sewer_entry_glass,
          kennysheep_generic_room_14, uniq_grinder
D:7:      temple_fountains, grunt_ogre_cave, uniq_pikel,
          uniq_crazy_yiuf_cottage, uniq_prince_ribbit1
D:8:      led_sif_pool, gammafunk_temple_overflow_statue,
          grunt_lair_entry_orc_guard_hut, serial_shops, shop, uniq_erica
Temple:   circular_temple_12
Lair:1:   grunt_megastairs_2
Lair:2:   cheibrodos_lair_caveside_slide
Lair:3:   kennysheep_abandoned_house, spider_nest_entry_funnel_web,
          eino_house_with_fridge
Sewer:    sewer_minmay_treatment

Action                   |  1- 3 |  4- 6 |  7- 9 | 10-12 || total
-------------------------+-------+-------+-------+-------++-------
Melee: War axe           |    79 |    38 |       |       ||   117
       Hand axe          |       |    89 |   315 |   327 ||   731
       Broad axe         |       |       |       |   130 ||   130
       Trident           |       |       |       |     6 ||     6
Evoke: Wand              |       |       |     1 |     2 ||     3
  Use: Scroll            |       |    13 |     5 |     5 ||    23
       Potion            |       |     2 |     2 |     8 ||    12
 Stab: Confused          |       |       |     1 |       ||     1
  Eat: Chunk             |     2 |     8 |    15 |    13 ||    38
       Fruit             |       |       |       |     7 ||     7
       Pizza             |       |       |       |     2 ||     2
       Royal jelly       |       |       |       |     1 ||     1
       Beef jerky        |       |       |       |     1 ||     1
